 Dungeon Crawl Stone Soup version 0.27.1-1-g398f81649c (webtiles) character file.

Game seed: 6842246295153894789

210 Descartes the Conjurer (level 5, -1/28 HPs)
             Began as a Deep Elf Hedge Wizard on Sept 5, 2021.
             Slain by a scorpion (5 damage)
             ... on level 4 of the Dungeon.
             The game lasted 00:08:33 (4035 turns).

Descartes the Conjurer (Deep Elf Hedge Wizard)      Turns: 4035, Time: 00:08:33

Health: -1/28      AC:  3    Str:  8    XL:     5   Next: 57%
Magic:  5/13       EV: 12    Int: 19    God:
Gold:   110        SH:  0    Dex: 14    Spells: 9/12 levels left

rFire    + . .     SeeInvis .   h - +2 short sword (flame)
rCold    . . .     Faith    .   (no shield)
rNeg     . . .     Spirit   .   b - +0 robe
rPois    .         Reflect  .   c - +0 hat
rElec    .         Harm     .   (no cloak)
rCorr    .         Rampage  .   l - +0 pair of gloves
Will     .....                  (no boots)
Stlth    ++........             (no amulet)
HPRegen  0.09/turn              q - ring of protection from fire
MPRegen  0.13/turn              (no ring)

@: mighty
A: no striking features
a: no special abilities


You were on level 4 of the Dungeon.
You visited 1 branch of the dungeon, and saw 4 of its levels.

You collected 110 gold pieces.

Inventory:

Hand Weapons
 f - a +0 hunting sling
 h - a +2 short sword of flaming (weapon)
 o - a +0 rapier
Missiles
 m - 42 stones
Armour
 b - a +0 robe (worn)
 c - a +0 hat (worn)
 l - a +0 pair of gloves (worn)
Jewellery
 n - an amulet of faith
 q - a ring of protection from fire (left hand)
Wands
 p - a wand of charming (4)
Scrolls
 d - a scroll of holy word
 g - 3 scrolls of blinking
 j - a scroll of teleportation
 k - 3 scrolls of fear


   Skills:
 - Level 2.4 Dodging
 - Level 2.4 Stealth
 - Level 4.4 Spellcasting
 + Level 5.2 Conjurations
 - Level 1.1 Summonings
 + Level 2.4 Translocations
 + Level 1.9 Fire Magic


You had 9 spell levels left.
You knew the following spells:

 Your Spells              Type           Power      Damage    Failure   Level
a - Magic Dart            Conj           96%        1d7       1%          1
b - Blink                 Tloc           N/A        N/A       8%          2

Your spell library contained the following spells:

 Spells                   Type           Power      Damage    Failure   Level
 Summon Small Mammal      Summ           32%        N/A       9%          1
 Conjure Flame            Conj/Fire      17%        6-21      9%          3
 Call Imp                 Summ           8%         N/A       13%         2
 Mephitic Cloud           Conj/Pois/Air  10%        N/A       19%         3
 Slow                     Hex            4%         N/A       21%         2
 Call Canine Familiar     Summ           8%         N/A       26%         3
 Summon Guardian Golem    Hex/Summ       6%         N/A       32%         3
 Fireball                 Conj/Fire      8%         3d6       63%         5
 Starburst                Conj/Fire      8%         6d4       99%         6
 Ignition                 Fire           5%         3d4       100%        8


Dungeon Overview and Level Annotations

Branches:
Dungeon (4/15)
 Temple: D:4-7

Altars:

Annotations:
D:3 Grinder


Message History

The magic dart hits the orc!
You kill the orc!
You hear the slow rusting of a drain nearby.
Found 11 gold pieces.
A scorpion comes into view.
A ball python comes into view.
Casting: Magic Dart (safe; 1% risk of failure)
Confirm with . or Enter, or press ? or * to list all spells.
Aiming: Magic Dart (safe; 1% risk of failure)
Press: ? - help, Shift-Dir - straight line, f - ball python
Aim: a ball python (wandering, hasn't noticed you, 100% to hit)
The magic dart hits the ball python.
You kill the ball python!
Casting: Magic Dart (safe; 1% risk of failure)
Confirm with . or Enter, or press ? or * to list all spells.
Aiming: Magic Dart (safe; 1% risk of failure)
Press: ? - help, Shift-Dir - straight line, f - scorpion
Aim: a scorpion (100% to hit)
The magic dart hits the scorpion.
The scorpion is moderately wounded.
Casting: Magic Dart (safe; 1% risk of failure)
Confirm with . or Enter, or press ? or * to list all spells.
Aiming: Magic Dart (safe; 1% risk of failure)
Press: ? - help, Shift-Dir - straight line, f/p - scorpion
Aim: a scorpion (moderately wounded, 100% to hit)
The magic dart hits the scorpion but does no damage.
The scorpion is moderately wounded.
Unknown command.
Casting: Magic Dart (safe; 1% risk of failure)
Confirm with . or Enter, or press ? or * to list all spells.
Aiming: Magic Dart (safe; 1% risk of failure)
Press: ? - help, Shift-Dir - straight line, f/p - scorpion
Aim: a scorpion (moderately wounded, 100% to hit)
The magic dart hits the scorpion.
The scorpion is heavily wounded.
The scorpion stings you.
* * * LOW HITPOINT WARNING * * *
You barely miss the scorpion.
The scorpion is heavily wounded.
The scorpion barely misses you. The scorpion stings you.
You die...

### ##.## ########.<.#
#.#..##.....
#####.....:.....
#..............#
#####...............
##..##...............
#...@................
###.s###..#...........
#....##...#.####......
#.)...##..#.. ......$
....#...$...##.#
......###.....# .8
#...† ...... ... ....#
#.#...# .8# ...#
.#..##


You could see a scorpion.

Vanquished Creatures
  A hound (D:3)
  An orc priest (D:3)
  An iguana (D:3)
  An orc wizard (D:3)
  2 adders (D:3)
  An ufetubus (D:3)
  2 worms
  A dart slug (D:1)
  4 orcs
  4 ball pythons
  10 endoplasms
  2 giant cockroaches
  3 goblins
  2 hobgoblins
  6 jackals (D:1)
  6 quokkas
  3 bats
  6 frilled lizards
  4 kobolds
  4 rats
64 creatures vanquished.

Notes
Turn   | Place    | Note
-------+----------+-------------------------------------------
     0 | D:1      | Descartes the Deep Elf Hedge Wizard began the quest for the
                  | Orb.
     0 | D:1      | Reached XP level 1. HP: 10/10 MP: 7/7
   160 | D:1      | Found a faded altar of an unknown god.
   219 | D:1      | Reached skill level 2 in Conjurations
   238 | D:1      | Reached XP level 2. HP: 7/15 MP: 2/9
   653 | D:1      | Reached skill level 3 in Conjurations
   814 | D:1      | Reached XP level 3. HP: 19/19 MP: 6/10
  2646 | D:3      | Reached skill level 4 in Conjurations
  2878 | D:3      | Reached XP level 4. HP: 24/24 MP: 12/12
  2989 | D:3      | Learned a level 2 spell: Blink
  3125 | D:3      | Reached skill level 1 in Fire Magic
  3508 | D:3      | Reached XP level 5. HP: 28/28 MP: 7/13
  3557 | D:3      | Reached skill level 5 in Conjurations
  3580 | D:3      | Noticed Grinder
  4035 | D:4      | Slain by a scorpion

Illustrated notes

Levels and vault maps discovered:
D:1:      dpeg_arrival_tiny_a, layout_loops_ring,
          chequers_ecumenical_altar_simple_redux
D:2:      layout_basic, lightli_corner_chamber
D:3:      layout_basic, uniq_grinder
D:4:      layout_cave_pools, nicolae_ru_path_of_blood, temple_doors_e,
          gup_sewer_entry_pipe, small_statue_intersection, minmay_crystal_water,
          uniq_pikel

Skill      XL: |  1  2  3  4  5 |
---------------+----------------+-----
Conjurations   | 2 3 4 5 |  5.2
Fire Magic     | 1 |  1.9
Translocations | 2 |  2.4
Dodging        | |  2.4
Stealth        | |  2.4
Spellcasting   | |  4.4
Summonings     | |  1.1

Action                   |  1- 3 |  4- 6 || total
-------------------------+-------+-------++-------
Melee: Dagger            |     6 |       ||     6
       Short sword       |     6 |    16 ||    22
 Cast: Magic Dart        |   104 |    62 ||   166
  Use: Scroll            |       |     5 ||     5
       Potion            |       |     1 ||     1
 Stab: Distracted        |       |     1 ||     1
       Sleeping          |       |     1 ||     1
Armor: Robe              |     3 |     2 ||     5
Dodge: Dodged            |    16 |    18 ||    34
